 Dungeon Crawl Stone Soup version 0.24-a0-584-g9d6b971ae4 (webtiles) character file.

Game seed: 8750722139332302764, levelgen mode: deterministic

20 BigAxe the Skirmisher (level 2, 27/27 HPs)
             Began as a Minotaur Berserker on Sept 6, 2019.
             Was a Follower of Trog.
             Quit the game on level 1 of the Dungeon.
             The game lasted 00:01:06 (513 turns).

BigAxe the Skirmisher (Minotaur Berserker)           Turns: 513, Time: 00:01:06

Health: 27/27      AC:  5    Str: 21    XL:     2   Next: 58%
Magic:  1/1        EV: 11    Int:  4    God:    Trog [*.....]
Gold:   53         SH:  0    Dex:  9    Spells: 1/1 levels left

rFire    . . .     SeeInvis .   a - +0 hand axe
rCold    . . .     Gourm    .   (no shield)
rNeg     . . .     Faith    .   d - +0 ring mail
rPois    .         Spirit   .   (helmet restricted)
rElec    .         Reflect  .   (no cloak)
rCorr    .         Harm     .   (no gloves)
MR       .....                  (no boots)
Stlth    ..........             j - amulet of inaccuracy (curse)
HPRegen  0.09/turn              (no ring)
MPRegen  0.07/turn              (no ring)

@: no status effects
A: retaliatory headbutt, horns 2
a: Berserk, Renounce Religion


You were on level 1 of the Dungeon.
You worshipped Trog.
Trog was aware of your devotion.
You were not hungry.

You visited 1 branch of the dungeon, and saw 1 of its levels.

You collected 53 gold pieces.

Inventory:

Hand Weapons
 a - a +0 hand axe (weapon)
Armour
 b - a +0 animal skin
 d - a +0 ring mail (worn)
Jewellery
 j - a cursed amulet of inaccuracy (around neck)
Scrolls
 g - a scroll of fear {unknown}
 h - a scroll of teleportation {unknown}
 i - a scroll of identify {unknown}
Potions
 e - a potion of curing {unknown}
 f - 2 potions of agility {unknown}
Comestibles
 c - a ration


   Skills:
 + Level 4.1 Fighting
 + Level 4.0 Axes
 + Level 2.4 Armour
 + Level 2.5 Dodging


You had one spell level left.
You didn't know any spells.
Your spell library was empty.

Dungeon Overview and Level Annotations

Branches:
Dungeon (1/15)

Altars:


Innate Abilities, Weirdness & Mutations

You reflexively headbutt those who attack you in melee.
You have a pair of horns on your head.


Message History

Found a stone staircase leading down.
Things that are here:
a frilled lizard corpse; a rat corpse
f - 2 smoky ruby potions (gained 1)
Found a stone staircase leading down.
You now have 39 gold pieces (gained 15).
j - a dented copper amulet Unknown command.
Put on which piece of jewellery? (? for menu, Esc to quit)
Oops, that amulet feels deathly cold.
j - a cursed amulet of inaccuracy (around neck)
There is a stone staircase leading down here.
You now have 42 gold pieces (gained 3).
You now have 49 gold pieces (gained 7).
You see here a mace.
You now have 53 gold pieces (gained 4).
A hobgoblin comes into view.
The hobgoblin shouts!
Found 13 gold pieces.
Are you sure you want to abandon this character and quit the game? (Confirm with "yes".)

..##.≈≈≈..#
†.##.≈$≈..#
.....≈≈≈..#
..........#
..........#
#######
..........#
#.....#
.....#.####
#.###.#
##..##.#
#.....#
....##.######
#.@.).#
............#
#.##.##
............#
#. #.#
............#
#. #.#
............#
#. #.#
#####.......#
#$ #.#
#.......# #g
#.# #..######
#. #.#
##.#######
#.#


You could see a hobgoblin.

Vanquished Creatures
  A goblin (D:1)
  3 hobgoblins (D:1)
  3 jackals (D:1)
  5 kobolds (D:1)
  A bat (D:1)
  2 frilled lizards (D:1)
  4 rats (D:1)
19 creatures vanquished.

Vanquished Creatures (others)
  A plant (D:1)
1 creature vanquished.

Grand Total: 20 creatures vanquished

Notes
Turn   | Place    | Note
-------+----------+-------------------------------------------
     0 | D:1      | BigAxe the Minotaur Berserker began the quest for the Orb.
     0 | D:1      | Reached XP level 1. HP: 19/19 MP: 0/0
   143 | D:1      | Reached XP level 2. HP: 22/27 MP: 1/1
   513 | D:1      | Quit the game

Levels and vault maps discovered:
D:1:      minmay_arrival_checkered_box, layout_basic, minmay_door_square,
          corexii_item_surrounded_by_moat, lexackson_kobold_supper

Skill      XL: |  1  2 |
---------------+-------+-----
Fighting       | 4 |  4.1
Axes           | 4 |  4.0
Armour         | |  2.4
Dodging        | |  2.5

Action                   || total
-------------------------++-------
Melee: Hand axe          ||    34
       Headbutt          ||     5
 Stab: Sleeping          ||     1
Armor: Ring mail         ||    15
       Animal skin       ||     3
Dodge: Dodged            ||    12

Table legend:
 A = Non-vault XP
 B = Vault XP
 C = Vault XP percentage of total XP
 D = Non-vault monster count
 E = Vault monster count
 F = Vault count percentage of total count
                 A         B        C        D         E       F
            +---------+---------+-------+---------+---------+-------
      Total |      21 |       8 |  27.6 |      14 |       5 |  26.3
            +---------+---------+-------+---------+---------+-------
        D:1 |      21 |       8 |  27.6 |      14 |       5 |  26.3
            +---------+---------+-------+---------+---------+-------
